 Dungeon Crawl Stone Soup version 0.29.1-14-g9c671dbff4 (webtiles) character file.

Game seed: 10269478959999693359

135 Peloso the Covered (level 4, -4/41 HPs)
             Began as a Minotaur Fighter on Feb 15, 2023.
             Constricted to death by Grinder (6 damage)
             ... on level 3 of the Dungeon.
             The game lasted 00:04:39 (2216 turns).

Peloso the Covered (Minotaur Fighter)               Turns: 2216, Time: 00:04:40

Health: -4/41      AC: 10    Str: 21    XL:     4   Next: 96%
Magic:  3/3        EV:  4    Int:  5    God:
Gold:   110        SH:  5    Dex: 17    Spells: 3/3 levels left

rFire   . . .      SeeInvis .   a - +0 long sword
rCold   . . .      Faith    .   d - +0 buckler
rNeg    . . .      Spirit   .   c - +0 chain mail
rPois   .          Reflect  .   (helmet restricted)
rElec   .          Harm     .   (no cloak)
rCorr   .          Rampage  .   (no gloves)
Will    .....                   i - +0 pair of boots
Stlth   ..........              (no amulet)
HPRegen 0.13/turn               e - +6 ring of dexterity
MPRegen 0.08/turn               (no ring)

@: mighty, grasped by roots, constricted
A: horns 2, retaliatory headbutt
a: no special abilities


You were on level 3 of the Dungeon.
You visited 1 branch of the dungeon, and saw 3 of its levels.

You collected 110 gold pieces.

Inventory:

Hand Weapons
 a - a +0 long sword (weapon)
Missiles
 k - 2 throwing nets (quivered)
Armour
 b - a +0 scale mail
 c - a +0 chain mail (worn)
 d - a +0 buckler (worn)
 i - a +0 pair of boots (worn)
Jewellery
 e - a +6 ring of dexterity (left hand)
Scrolls
 h - 3 scrolls of teleportation
Potions
 f - a potion of brilliance {unknown}
 j - 2 potions of cancellation {unknown}
 l - a potion of resistance {unknown}


   Skills:
 + Level 4.4 Fighting
 + Level 4.2 Long Blades
 + Level 4.5 Armour
 + Level 0.2 Dodging
 + Level 0.7 Stealth
 + Level 4.2 Shields


You had 3 spell levels left.
You didn't know any spells.
Your spell library was empty.

Dungeon Overview and Level Annotations

Branches:
Dungeon (3/15)

Altars:

Annotations:
D:3 Grinder


Innate Abilities, Weirdness & Mutations

You have a pair of horns on your head.
You reflexively headbutt those who attack you in melee.


Message History

The grasping roots constrict you.
The roots grasp on you weakens, but your attempt to escape fails.
Grinder gestures at you. You resist with significant effort.
The grasping roots constrict you.
You escape the roots grasp.
Grinder zaps a wand.
The roots erupt in riotous growth!
The grasping roots grab you! The grasping roots constrict you!
The roots grasp on you weakens, but your attempt to escape fails.
The grasping roots constrict you!
A rat comes into view.
You escape the roots grasp.
Grinder zaps a wand.
The roots erupt in riotous growth!
The grasping roots grab you! The grasping roots constrict you.
* * * LOW HITPOINT WARNING * * *
Unknown command.
You escape the roots grasp.
Grinder gestures at you.
You suddenly lose the ability to move!
Grinder hits you but does no damage.
You can move again.
You slash Grinder! Your headbutt misses Grinder.
Grinder is lightly wounded.
You block Grinder's attack.
Unknown command.
You closely miss Grinder. You headbutt Grinder!
Grinder is moderately wounded.
Grinder zaps a wand.
The roots erupt in riotous growth!
The grasping roots grab you!
The rat is unaffected.
Grinder is unaffected.
The grasping roots constrict you.
* * * LOW HITPOINT WARNING * * *
The rat bites you but does no damage. You block Grinder's attack.
The grasping roots constrict you!
* * * LOW HITPOINT WARNING * * *
The rat bites you but does no damage.
You slash Grinder!
Grinder is severely wounded.
Grinder hits you but does no damage. The grasping roots constrict you.
You die...

#....##... #.# #. #
#..#.#..# #.# #< #.#
#..#...# #.###) ###.#.
#.....# ##.##.. ......
#.....#####......
......##................
##......................
........................
......5@.†...#..†.......
#.....r......#....>..... .
##?..........####......#
..#####...##.....###.......#
$........# #[!...##.........
.......## #.######.........
...g... #.# #.........
......†#####.######.†.......
......g.K....#..............


You could see Grinder and a rat.

Vanquished Creatures
  Ijyb (D:2)
  Robin (D:2)
  An adder (D:3)
  An ufetubus (D:3)
  A worm (D:2)
  4 dart slugs
  3 orcs (D:3)
  4 bats
  5 endoplasms
  A giant cockroach (D:1)
  10 goblins
  8 hobgoblins
  6 kobolds
  4 quokkas
  7 ball pythons
  3 frilled lizards
  9 rats
69 creatures vanquished.

Notes
Turn   | Place    | Note
-------+----------+-------------------------------------------
     0 | D:1      | Peloso the Minotaur Fighter began the quest for the Orb.
     0 | D:1      | Reached XP level 1. HP: 19/19 MP: 0/0
     6 | D:1      | Noticed a black mamba
     6 | D:1      | Noticed a killer bee
     6 | D:1      | Noticed a wyvern
     7 | D:1      | Noticed a wolf
     7 | D:1      | Noticed a komodo dragon
   314 | D:1      | Reached XP level 2. HP: 27/27 MP: 1/1
  1060 | D:2      | Reached XP level 3. HP: 32/33 MP: 2/2
  1472 | D:2      | Noticed Robin
  1499 | D:2      | Killed Robin
  1500 | D:2      | Reached XP level 4. HP: 33/40 MP: 3/3
  1832 | D:3      | Noticed Ijyb
  2135 | D:2      | Killed Ijyb
  2197 | D:3      | Noticed Grinder
  2198 | D:3      | Paralysed by Grinder for 2 turns
  2212 | D:3      | Paralysed by Grinder for 2 turns
  2215 | D:3      | HP: 2/41 [constriction (7)]
  2216 | D:3      | Constricted to death by Grinder

Illustrated notes

Levels and vault maps discovered:
D:1:      onia_arrival_zoo_common, layout_loops_ring, minmay_pentomino_s2
D:2:      layout_rooms, reono_crystal_passage, chequers_avenue, fountainhead,
          uniq_robin
D:3:      layout_rooms, uniq_grinder, uniq_crazy_yiuf_cottage, uniq_ijyb

Skill      XL: |  1  2  3  4 |
---------------+-------------+-----
Armour         | 4 |  4.5
Long Blades    | 3 4 |  4.2
Fighting       | 4 |  4.4
Shields        | 4 |  4.2
Dodging        | |  0.2
Stealth        | |  0.7

Action                   |  1- 3 |  4- 6 || total
-------------------------+-------+-------++-------
Melee: Long sword        |   109 |    36 ||   145
       Headbutt          |    16 |     4 ||    20
  Use: Potion            |     1 |     4 ||     5
       Scroll            |     1 |     2 ||     3
Armor: Scale mail        |    12 |       ||    12
       Chain mail        |    50 |    36 ||    86
Dodge: Dodged            |    31 |    28 ||    59
Block: Buckler           |    36 |    18 ||    54
